 Dungeon Sprint DCSS version 0.26-a0-1040-gbe3abf3417 (webtiles) character file.

Game seed: 14437641755556869072

0 sahdkjhfkaj the Chopper (level 3, -5/35 HPs)
             Began as a Gnoll Berserker on Dec 12, 2020.
             Was a Follower of Trog.
             Killed from afar by Blork the orc (6 damage)
             ... with a magic dart
             ... in the Dungeon (Sprint VI: "Thunderdome").
             The game lasted 00:00:43 (42 turns).

sahdkjhfkaj the Chopper (Gnoll Berserker)             Turns: 42, Time: 00:00:44

Health: -5/35      AC:  2    Str: 20    XL:     3   Next: 20%
Magic:  1/5        EV: 15    Int:  9    God:    Trog [*.....]
Gold:   200        SH:  0    Dex: 14    Spells: 5/5 levels left

rFire    . . .     SeeInvis .   a - +0 hand axe
rCold    . . .     Faith    .   (no shield)
rNeg     . . .     Spirit   .   b - +0 animal skin
rPois    .         Reflect  .   (no helmet)
rElec    .         Harm     .   (no cloak)
rCorr    .         Rampage  .   (no gloves)
Will     .....     NoTele   +   (no boots)
Stlth    ++........             (no amulet)
HPRegen  0.11/turn              (no ring)
MPRegen  0.09/turn              (no ring)

@: berserk cooldown, slowed, very slow
A: distributed training, fangs 1, strong nose
a: Berserk, Renounce Religion


You were in the Dungeon.
You worshipped Trog.
Trog was aware of your devotion.
You visited 1 branch You collected 200 gold pieces.

Inventory:

Hand Weapons
 a - a +0 hand axe (weapon)
Armour
 b - a +0 animal skin (worn)
Wands
 i - a wand of acid (5)
 j - a wand of iceblast (5)
Scrolls
 h - 4 scrolls of blinking
 k - 3 scrolls of fog
Potions
 c - a potion of curing
 d - 4 potions of heal wounds
 e - 4 potions of haste
 f - 2 potions of magic
 g - a potion of berserk rage
 l - 2 potions of resistance


   Skills:
 + Level 6.8 Fighting
 + Level 1.9 Short Blades
 + Level 1.9 Long Blades
 + Level 6.8 Axes
 + Level 1.9 Maces & Flails
 + Level 1.9 Polearms
 + Level 1.9 Staves
 + Level 1.9 Slings
 + Level 1.9 Bows
 + Level 1.9 Crossbows
 + Level 1.9 Throwing
 + Level 4.9 Armour
 + Level 4.9 Dodging
 + Level 1.9 Stealth
 + Level 1.9 Shields
 + Level 1.9 Unarmed Combat
 + Level 1.9 Spellcasting
 + Level 1.5 Conjurations
 + Level 1.5 Hexes
 + Level 1.5 Summonings
 + Level 1.5 Necromancy
 + Level 1.5 Translocations
 + Level 1.5 Transmutations
 + Level 1.5 Fire Magic
 + Level 1.5 Ice Magic
 + Level 1.5 Air Magic
 + Level 1.5 Earth Magic
 + Level 1.5 Poison Magic
 + Level 2.1 Invocations
 + Level 1.9 Evocations


You had 5 spell levels left.
You didn't know any spells.
Your spell library was empty.

Dungeon Overview and Level Annotations

Branches:
Dungeon (1/1)

Altars:
Cheibriados
Fedhas
Gozag
Makhleb
Qazlal
Sif Muna
Trog
Uskayaw
Vehumet
Xom
Zin
Beogh
Jiyva
Lugonu

Shops:
D ?*?:((

Annotations:
D Blork the orc


Innate Abilities, Weirdness & Mutations

Your experience applies equally to all skills.
You have very sharp teeth.
Your uncanny sense of smell can sniff out nearby items.


Message History

You closely miss the orc wizard. You bite the orc wizard.
The orc wizard is lightly wounded.
You hit the orc. You hit something.
The orc wizard hits you but does no damage.
Something barely misses you.
The orc wizard gestures at you while chanting.
The magic dart hits you. The orc hits you.
* * * LOW HITPOINT WARNING * * *
Something hits you.
* * * LOW HITPOINT WARNING * * *
Unknown command.
You hit the orc wizard.
The orc wizard is heavily wounded.
You barely miss something. You barely miss the orc.
The orc wizard hits you with a +0 dagger.
* * * LOW HITPOINT WARNING * * *
You hear some strange, mumbled words.
A magic dart appears from out of thin air!
The magic dart hits you.
You die...

##⌠⌠⌠## #.....#
##.....##
##∩.....∩##
#∩.......∩#
#........_#
#_.oo{....#
#_..@...._#
###..[......###
#⌠...........⌠#
###.8.........8.#
__......###......
......8.# .8......
........###........
.....###...###.....
..... #.<.# .....


You could see an orc wizard (fast) and an orc.

Vanquished Creatures
  An orc priest (D)
  An orc (D)
2 creatures vanquished.

Notes
Turn   | Place    | Note
-------+----------+-------------------------------------------
     0 | D        | sahdkjhfkaj the Gnoll Berserker began the quest for the
                  | Orb.
     0 | D        | Reached XP level 1. HP: 23/23 MP: 1/1
     1 | D        | Found a shimmering blue altar of Sif Muna.
     1 | D        | Found a shimmering altar of Xom.
     2 | D        | Found a blossoming altar of Fedhas.
     2 | D        | Found a bloodstained altar of Trog.
     5 | D        | Round 1.
    19 | D        | Found a roughly hewn altar of Beogh.
    19 | D        | Found a viscous altar of Jiyva.
    20 | D        | Found a radiant altar of Vehumet.
    20 | D        | Found an opulent altar of Gozag.
    20 | D        | Found Quum's Weapon Rack.
    20 | D        | Found Jithiofu's Premium Goods.
    25 | D        | Found a corrupted altar of Lugonu.
    25 | D        | Found a hide-covered altar of Uskayaw.
    26 | D        | Found a stormy altar of Qazlal.
    26 | D        | Found a snail-covered altar of Cheibriados.
    26 | D        | Noticed an orc priest
    27 | D        | Found a burning altar of Makhleb.
    28 | D        | Found a glowing silver altar of Zin.
    28 | D        | Found Amidol's Magic Scroll Shop.
    28 | D        | Found Qetzal's Staff Store.
    29 | D        | Found Xeocaus's Magic Scroll Shop.
    29 | D        | Found Xacu's Must-Have Magic.
    30 | D        | Noticed Blork the orc
    31 | D        | Noticed an orc wizard
    32 | D        | Killed an orc priest
    33 | D        | Reached skill level 1 in Short Blades
    33 | D        | Reached skill level 1 in Long Blades
    33 | D        | Reached skill level 1 in Maces & Flails
    33 | D        | Reached skill level 1 in Polearms
    33 | D        | Reached skill level 1 in Staves
    33 | D        | Reached skill level 1 in Slings
    33 | D        | Reached skill level 1 in Bows
    33 | D        | Reached skill level 1 in Crossbows
    33 | D        | Reached skill level 1 in Throwing
    33 | D        | Reached skill level 1 in Stealth
    33 | D        | Reached skill level 1 in Shields
    33 | D        | Reached skill level 1 in Unarmed Combat
    33 | D        | Reached skill level 1 in Spellcasting
    33 | D        | Reached skill level 1 in Conjurations
    33 | D        | Reached skill level 1 in Hexes
    33 | D        | Reached skill level 1 in Summonings
    33 | D        | Reached skill level 1 in Necromancy
    33 | D        | Reached skill level 1 in Translocations
    33 | D        | Reached skill level 1 in Transmutations
    33 | D        | Reached skill level 1 in Fire Magic
    33 | D        | Reached skill level 1 in Ice Magic
    33 | D        | Reached skill level 1 in Air Magic
    33 | D        | Reached skill level 1 in Earth Magic
    33 | D        | Reached skill level 1 in Poison Magic
    33 | D        | Reached skill level 1 in Evocations
    33 | D        | Reached XP level 2. HP: 29/29 MP: 1/4
    33 | D        | Reached XP level 3. HP: 35/35 MP: 1/5
    42 | D        | HP: 1/35 [orc wizard/+0 dagger (5)]
    42 | D        | Killed from afar by Blork the orc

Illustrated notes

Levels and vault maps discovered:
D:        arena_sprint

Skill      XL: |  1 |
---------------+----+-----
Short Blades   | 1 |  1.9
Long Blades    | 1 |  1.9
Maces & Flails | 1 |  1.9
Polearms       | 1 |  1.9
Staves         | 1 |  1.9
Slings         | 1 |  1.9
Bows           | 1 |  1.9
Crossbows      | 1 |  1.9
Throwing       | 1 |  1.9
Stealth        | 1 |  1.9
Shields        | 1 |  1.9
Unarmed Combat | 1 |  1.9
Spellcasting   | 1 |  1.9
Conjurations   | 1 |  1.5
Hexes          | 1 |  1.5
Summonings     | 1 |  1.5
Necromancy     | 1 |  1.5
Translocations | 1 |  1.5
Transmutations | 1 |  1.5
Fire Magic     | 1 |  1.5
Ice Magic      | 1 |  1.5
Air Magic      | 1 |  1.5
Earth Magic    | 1 |  1.5
Poison Magic   | 1 |  1.5
Invocations    | 2 |  2.1
Evocations     | 1 |  1.9
Fighting       | |  6.8
Axes           | |  6.8
Armour         | |  4.9
Dodging        | |  4.9

Action                   || total
-------------------------++-------
Melee: Hand axe          ||     6
       Bite              ||     1
Invok: Berserk           ||     1
Dodge: Dodged            ||     1

Table legend: (Time is in decaauts)
 A = Elapsed time spent in this place.
 B = Non-inter-level travel time spent in this place.
 C = Inter-level travel time spent in this place.
 D = Time resting spent in this place.
 E = Time spent auto-exploring this place.
 F = Levels seen in this place.
 G = Mean time per level.
                   A        B        C        D        E       F      G
               +--------+--------+--------+--------+--------+-----+--------+
         Total |     39 |     39 |      0 |     15 |      0 |   1 |   39.0 |
       Dungeon |     39 |     39 |      0 |     15 |      0 |   1 |   39.0 |
               +--------+--------+--------+--------+--------+-----+--------+

Top non-repeatable levels by time:
       D: 39 daAuts
